 Dungeon Crawl Stone Soup version 0.28-a0-474-g535839065c (webtiles) character file.

Game seed: 3940649149386026679

28 lmSkywalker the Shield-Bearer (level 3, 0/31 HPs)
             Began as a Minotaur Fighter on Sept 15, 2021.
             Slain by a scorpion (3 damage)
             ... on level 2 of the Dungeon.
             The game lasted 00:01:25 (991 turns).

lmSkywalker the Shield-Bearer (Minotaur Fighter)     Turns: 991, Time: 00:01:26

Health: 0/31       AC:  6    Str: 21    XL:     3   Next: 0%
Magic:  2/2        EV:  9    Int:  5    God:
Gold:   33         SH:  4    Dex:  9    Spells: 2/2 levels left

rFire   . . .      SeeInvis .   a - +0 war axe
rCold   . . .      Faith    .   c - +0 buckler
rNeg    . . .      Spirit   .   b - +0 scale mail
rPois   .          Reflect  .   (helmet restricted)
rElec   .          Harm     .   (no cloak)
rCorr   .          Rampage  .   (no gloves)
Will    .....                   (no boots)
Stlth   ..........              (no amulet)
HPRegen 0.10/turn               (no ring)
MPRegen 0.08/turn               (no ring)

@: lethally poisoned (0 -> -3)
A: horns 2, retaliatory headbutt
a: no special abilities


You were on level 2 of the Dungeon.
You visited 1 branch of the dungeon, and saw 2 of its levels.

You collected 33 gold pieces.

Inventory:

Hand Weapons
 a - a +0 war axe (weapon)
Missiles
 g - 6 atropa-tipped darts (quivered)
Armour
 b - a +0 scale mail (worn)
 c - a +0 buckler (worn)
Scrolls
 e - a scroll of vulnerability {unknown}
 h - a scroll of identify {unknown}
 i - a scroll of amnesia {unknown}
Potions
 d - a potion of might
 f - 3 potions of resistance {unknown}
 j - a potion of haste {unknown}


   Skills:
 - Level 3.6 Fighting
 + Level 4.0 Axes
 - Level 3.6 Armour
 - Level 4.0 Shields


You had 2 spell levels left.
You didn't know any spells.
Your spell library was empty.

Dungeon Overview and Level Annotations

Branches:
Dungeon (2/15)

Altars:


Innate Abilities, Weirdness & Mutations

You have a pair of horns on your head.
You reflexively headbutt those who attack you in melee.


Message History

You throw an atropa-tipped dart.
The atropa-tipped dart hits the scorpion.
The scorpion resists.
You throw an atropa-tipped dart.
The atropa-tipped dart hits the scorpion.
The scorpion appears confused.
The scorpion seems less confused.
The scorpion is no longer blind.
You block the scorpion's attack.
You see here an atropa-tipped dart.
You slash the scorpion! Your headbutt misses the scorpion.
The scorpion is moderately wounded.
The scorpion stings you.
You are poisoned.
The scorpion poisons you!
You barely miss the scorpion.
The scorpion is moderately wounded.
You feel very sick. The scorpion stings you. The scorpion closely misses you.
You barely miss the scorpion.
The scorpion is moderately wounded.
You feel very sick.
The scorpion stings you but does no damage.
You barely miss the scorpion.
The scorpion is moderately wounded.
You feel sick. The scorpion completely misses you.
The scorpion barely misses you.
You barely miss the scorpion.
The scorpion is moderately wounded.
You feel sick. The scorpion closely misses you.
An endoplasm comes into view.
The scorpion stings you!
* * * LOW HITPOINT WARNING * * *
You closely miss the scorpion.
The endoplasm quivers.
Your headbutt misses the scorpion.
The scorpion is moderately wounded.
* * * LOW HITPOINT WARNING * * *
You feel sick. The scorpion stings you.
You die...

#..#. .... #.##. ....
####.##. ..... # #
#....... ....J .#..##
#.##.##. #.....
#.#.##.##.##.##.
#.....###.#..#.......##.
......(.#.#..####.##.##.
#s@..#...###.##.##.
#........##........
#....#....#####.###
####......#.###.###
###...[#........
#....#####.... #....#
#.### #...## #.# ##...#
#.#


You could see a scorpion and an endoplasm.

Vanquished Creatures
  A gnoll (D:1)
  A dart slug (D:2)
  An endoplasm (D:1)
  A giant cockroach (D:1)
  A goblin (D:1)
  3 hobgoblins
  2 jackals (D:1)
  2 ball pythons (D:1)
  2 bats (D:1)
  A frilled lizard (D:1)
  2 kobolds
17 creatures vanquished.

Notes
Turn   | Place    | Note
-------+----------+-------------------------------------------
     0 | D:1      | lmSkywalker the Minotaur Fighter began the quest for the
                  | Orb.
     0 | D:1      | Reached XP level 1. HP: 19/19 MP: 0/0
    54 | D:1      | Reached XP level 2. HP: 8/26 MP: 1/1
   961 | D:2      | Found a faded altar of an unknown god.
   964 | D:2      | Reached XP level 3. HP: 31/31 MP: 2/2
   977 | D:2      | Noticed a scorpion
   991 | D:2      | Slain by a scorpion

Illustrated notes

Levels and vault maps discovered:
D:1:      grunt_arrival_lava_bath, layout_basic
D:2:      layout_loops_ring, hellmonk_ecumenical_altar_zigzags,
          kennysheep_generic_room_3

Skill      XL: |  1  2 |
---------------+-------+-----
Axes           | 3 4 |  4.0
Shields        | 4 |  4.0
Fighting       | |  3.6
Armour         | |  3.6

Action                   || total
-------------------------++-------
Melee: War axe           ||    40
       Headbutt          ||     2
Throw: Dart              ||     2
Armor: Scale mail        ||    16
Dodge: Dodged            ||    26
Block: Buckler           ||    10

Table legend: (Time is in decaauts)
 A = Elapsed time spent in this place.
 B = Non-inter-level travel time spent in this place.
 C = Inter-level travel time spent in this place.
 D = Time resting spent in this place.
 E = Time spent auto-exploring this place.
 F = Levels seen in this place.
 G = Mean time per level.
                   A        B        C        D        E       F      G
               +--------+--------+--------+--------+--------+-----+--------+
         Total |   1003 |    975 |     28 |    217 |    611 |   2 |  501.5 |
       Dungeon |   1003 |    975 |     28 |    217 |    611 |   2 |  501.5 |
               +--------+--------+--------+--------+--------+-----+--------+

Top non-repeatable levels by time:
     D:1: 925 daAuts
     D:2: 78 daAuts
